 Dungeon Crawl Stone Soup version 0.23.0-3-gf3c87f2 (webtiles) character file.

Game seed: 2189421822566813223

1306 Scud the Sneak (level 8, 0/45 HPs)
             Began as a Kobold Enchanter on Feb 22, 2019.
             Succumbed to a water moccasin's poison
             ... on level 6 of the Dungeon.
             The game lasted 00:34:32 (7920 turns).

Scud the Sneak (Kobold Enchanter)                   Turns: 7920, Time: 00:34:33

Health: 0/45       AC:  5    Str:  6    XL:     8   Next: 88%
Magic:  1/14       EV: 17    Int: 16    God:
Gold:   144        SH:  0    Dex: 17    Spells: 11/15 levels left

rFire    x . .     SeeInvis .   i - +2 dagger (speed)
rCold    + + .     Gourm    .   (shield restricted)
rNeg     . . .     Faith    .   k - +1 leather armour {MR+}
rPois    .         Spirit   +   (no helmet)
rElec    .         Reflect  .   m - scarf {Spirit}
rCorr    .         Harm     .   (no gloves)
MR       ++...     Rnd*Rage +   h - +1 pair of boots
Stlth    ++++......             (no amulet)
HPRegen  0.15/turn              o - ring of ice
MPRegen  0.14/turn              a - ring of stealth

@: lethally poisoned (0 -> -15), berserk cooldown, very slightly contaminated,
slowed, studying Polearms, very slow
A: small, berserk 1, carnivore, cold resistance 1, deformed body, magic
resistance 1
a: no special abilities


You were on level 6 of the Dungeon.
You were not hungry.

You visited 1 branch of the dungeon, and saw 6 of its levels.

You collected 270 gold pieces.
You spent 126 gold pieces at shops.

Inventory:

Hand Weapons
 b - a +2 dagger of freezing
 i - a +2 dagger of speed (weapon)
Armour
 h - a +1 pair of boots (worn)
 k - a +1 leather armour of magic resistance (worn)
 m - a scarf of spirit shield (worn)
Jewellery
 a - a ring of stealth (right hand)
 o - a ring of ice (left hand)
Scrolls
 c - 5 scrolls of remove curse
 e - 3 scrolls of teleportation
 f - a scroll of amnesia
 j - 10 scrolls of identify
 q - a scroll of blinking {unknown}
Potions
 g - a potion of agility
 l - 2 potions of curing
 n - a potion of invisibility {unknown}
Books
 p - a manual of Polearms
Comestibles
 d - 8 rations


   Skills:
 + Level 2.8 Fighting
 + Level 6.3 Short Blades
 + Level 2.9 Armour
 + Level 5.3 Dodging
 + Level 7.1 Stealth
 + Level 4.0 Spellcasting
 + Level 4.4 Hexes


You had 11 spell levels left.
You knew the following spells:

 Your Spells              Type           Power        Failure   Level  Hunger
a - Corona                Hex            ###....      4%          1    None
b - Confuse               Hex            ###.....     12%         3    ###....

Your spell library contained the following spells:

 Spells                   Type           Power        Failure   Level  Hunger
 Tukima's Dance           Hex            ###.....     12%         3    ###....
 Ensorcelled Hibernation  Hex/Ice        ###...       16%         2    ##.....
 Dazzling Spray           Conj/Hex       ##....       30%         3    ###....


Dungeon Overview and Level Annotations

Branches:
Dungeon (6/15)
 Temple: D:4-7

Altars:
Okawaru
Sif Muna
Wu Jian
Yredelemnul

Shops:
D:5 *


Innate Abilities, Weirdness & Mutations

You are small and have problems with some larger weapons.
You are carnivorous and can eat meat at any time.
You tend to lose your temper in combat.
Your flesh is cold resistant. (rC+)
Armour fits poorly on your strangely shaped body.
You are resistant to hostile enchantments. (MR+)


Message History

* * * LOW HITPOINT WARNING * * *
You feel sick.
The water moccasin bites you but does no damage.
You hit the water moccasin but do no damage.
The water moccasin is severely wounded.
* * * LOW HITPOINT WARNING * * *
You feel sick.
The water moccasin completely misses you.
Casting: Confuse (safe; 12% risk of failure)
Confirm with . or Enter, or press ? or * to list all spells.
Aiming: Corona (safe; 4% risk of failure)
Press: ? - help, Shift-Dir - straight line, f/p - water moccasin
Aim: a water moccasin (severely wounded, chance to defeat MR: 54%)
You miscast Corona.
You feel off-balance for a moment.
* * * LOW HITPOINT WARNING * * *
You feel sick. The water moccasin misses you. The water moccasin bites you.
* * * LOW HITPOINT WARNING * * *
You closely miss the water moccasin.
The water moccasin is severely wounded.
You die...

#..... ..##.. #....#
#.##.# #.##.# #.##.#
##### #S##.###.#.. #
...# #@##).....?.
#.###.###..).....#..
###........)##..#....#
......#.###....## ....
##....<# #$#.## ..⌠
####### #.#..# ..
#.##..# . #.# .... #.#
....


You could see a water moccasin.

Vanquished Creatures
  Grinder (D:5)
  A phantom (D:4)
  An ogre (D:4)
  A gnoll sergeant (D:5)
  A scorpion (D:5)
  A howler monkey (D:4)
  3 wights (D:6)
  2 crimson imps (D:5)
  4 hounds
  A bullfrog skeleton (D:5)
  3 orc wizards
  Terence (D:2)
  2 iguanas
  2 worker ants (D:4)
  11 adders
  4 gnolls (D:3)
  2 oozes
  5 worms
  3 dart slugs
  3 leopard geckos
  18 orcs
  3 ball pythons
  3 giant cockroaches
  7 goblins
  7 hobgoblins
  2 jackals (D:5)
  6 kobolds
  3 quokkas
  7 bats
  4 frilled lizards
  A leopard gecko zombie (D:4)
  A quokka skeleton (D:4)
  9 rats
123 creatures vanquished.

Notes
Turn   | Place    | Note
-------+----------+-------------------------------------------
     0 | D:1      | Scud the Kobold Enchanter began the quest for the Orb.
     0 | D:1      | Reached XP level 1. HP: 10/10 MP: 3/3
   278 | D:1      | Reached XP level 2. HP: 15/15 MP: 5/5
   999 | D:1      | Reached XP level 3. HP: 16/19 MP: 6/6
  1044 | D:1      | Learned a level 3 spell: Tukima's Dance
  1186 | D:2      | Reached XP level 4. HP: 16/24 MP: 7/7
  1914 | D:2      | Found a deep blue altar of Sif Muna.
  2334 | D:2      | Noticed Terence
  2337 | D:2      | Killed Terence
  2337 | D:2      | Reached XP level 5. HP: 28/28 MP: 8/8
  2369 | D:2      | Reached skill level 5 in Stealth
  2399 | D:2      | Reached skill level 1 in Fighting
  3771 | D:3      | Reached XP level 6. HP: 31/34 MP: 6/10
  4069 | D:3      | Learned a level 3 spell: Confuse
  4285 | D:3      | Found a faded altar of an unknown god.
  5094 | D:3      | Reached skill level 1 in Armour
  5121 | D:4      | Reached XP level 7. HP: 18/39 MP: 1/11
  5432 | D:4      | Found an iron altar of Okawaru.
  6044 | D:4      | Found a basalt altar of Yredelemnul.
  6056 | D:4      | Gained mutation: Armour fits poorly on your strangely
                  | shaped body. [potion of mutation]
  6056 | D:4      | Gained mutation: You tend to lose your temper in combat.
                  | [potion of mutation]
  6056 | D:4      | Gained mutation: Your flesh is cold resistant. (rC+)
                  | [potion of mutation]
  6056 | D:4      | Gained mutation: You are resistant to hostile enchantments.
                  | (MR+) [potion of mutation]
  6349 | D:5      | Entered Level 5 of the Dungeon
  6352 | D:5      | Reached skill level 6 in Stealth
  6435 | D:5      | Found Soasch's General Store.
  6452 | D:5      | Bought a scarf of spirit shield for 126 gold pieces
  6516 | D:4      | Reached skill level 5 in Short Blades
  6516 | D:4      | Reached XP level 8. HP: 24/44 MP: 2/13
  6883 | D:5      | Reached skill level 5 in Dodging
  7420 | D:5      | Noticed Grinder
  7424 | D:5      | Killed Grinder
  7424 | D:5      | Reached skill level 7 in Stealth
  7622 | D:5      | Found an ornate altar of the Wu Jian Council.
  7919 | D:6      | HP: 1/45 [water moccasin (3)]
  7920 | D:6      | Succumbed to a water moccasin's poison

Skill      XL: |  1  2  3  4  5  6  7  8 |
---------------+-------------------------+-----
Dodging        | 3 4 5 |  5.3
Short Blades   | 2 3 4 5 6 |  6.3
Stealth        | 5 6 7 |  7.1
Fighting       | 1 2 |  2.8
Spellcasting   | 3 4 |  4.0
Armour         | 1 2 |  2.9
Hexes          | 4 |  4.4

Action                   |  1- 3 |  4- 6 |  7- 9 || total
-------------------------+-------+-------+-------++-------
Melee: Dagger            |   113 |   314 |   362 ||   789
 Cast: Corona            |     5 |    14 |     7 ||    26
       Tukima's Dance    |     1 |       |       ||     1
       Confuse           |       |     4 |     5 ||     9
  Use: Scroll            |     4 |     4 |     2 ||    10
       Potion            |       |     5 |     3 ||     8
 Stab: Sleeping          |     6 |     9 |    10 ||    25
       Confused          |       |       |     3 ||     3
       Distracted        |       |       |     1 ||     1
  Eat: Chunk             |     6 |    15 |     2 ||    23
       Ration            |       |       |     1 ||     1
Armor: Robe              |    18 |     4 |       ||    22
       Leather armour    |       |    24 |    30 ||    54
Dodge: Dodged            |    95 |   192 |   136 ||   423
